 Dungeon Crawl Stone Soup version 0.25.1-2-g60ff931 (webtiles) character file.

Game seed: 9399749653592093852

4284 curiousnu the Cleaver (level 10, 0/76 HPs)
             Began as a Demonspawn Gladiator on Sept 14, 2020.
             Was a Believer of Uskayaw.
             Slain by a troll (2 damage)
             ... on level 9 of the Dungeon.
             The game lasted 00:34:07 (9081 turns).

curiousnu the Cleaver (Demonspawn Gladiator)        Turns: 9081, Time: 00:34:10

Health: 0/76       AC: 13    Str: 18    XL:     10   Next: 10%
Magic:  7/10       EV: 12    Int:  9    God:    Uskayaw [**....]
Gold:   428        SH:  0    Dex: 15    Spells: 9/9 levels left

rFire    + . .     SeeInvis .   o - +4 battleaxe
rCold    . . .     Gourm    .   (shield currently unavailable)
rNeg     . . .     Faith    .   C - +2 chain mail {MR+}
rPois    .         Spirit   .   (helmet unavailable)
rElec    .         Reflect  .   u - +0 cloak
rCorr    .         Harm     .   (no gloves)
MR       +....                  (no boots)
Stlth    ..........             (no amulet)
HPRegen  0.22/turn              (no ring)
MPRegen  0.12/turn              (no ring)

@: hasted, very quick
A: horns 3, repulsion field 2, demonic guardian 1, fire resistance 1
a: Stomp, Line Pass, Renounce Religion


You were on level 9 of the Dungeon.
You worshipped Uskayaw.
Uskayaw was noncommittal.
You were not hungry.

You visited 2 branches of the dungeon, and saw 12 of its levels.

You collected 428 gold pieces.

Inventory:

Hand Weapons
 a - a +0 war axe
 o - a +4 battleaxe (weapon)
 A - a +4 flail of freezing
 E - a +0 hand crossbow
Missiles
 d - 6 throwing nets
 l - 44 poisoned darts
 s - 16 boomerangs (quivered)
 D - 2 curare-tipped darts
Armour
 b - a +0 leather armour
 t - a +0 chain mail
 u - a +0 cloak (worn)
 C - a +2 chain mail of magic resistance (worn)
Jewellery
 c - a +4 ring of evasion {unknown}
 x - an uncursed ring of fire
Wands
 B - a wand of iceblast (7)
 F - a wand of random effects (14)
Scrolls
 e - 6 scrolls of teleportation
 i - 3 scrolls of fear
 n - a scroll of immolation
 p - 2 scrolls of enchant weapon
 v - 4 scrolls of remove curse
 y - a scroll of blinking
Potions
 g - 4 potions of curing
 h - 2 potions of ambrosia
 j - a potion of mutation {unknown}
 k - 2 potions of flight
 m - a potion of magic
 q - 2 potions of invisibility
 r - a potion of haste
 w - a potion of lignification
 z - a potion of heal wounds
Comestibles
 f - 15 rations


   Skills:
 + Level 6.2 Fighting
 + Level 9.5 Axes
 + Level 5.1 Throwing
 + Level 6.3 Armour
 - Level 3.1 Dodging
 - Level 0.7 Stealth


You had 9 spell levels left.
You didn't know any spells.
Your spell library was empty.

Dungeon Overview and Level Annotations

Branches:
Dungeon (11/15)            Temple (1/1) D:7
   Lair: D:8-11         Orc: D:9-12

Altars:
Ashenzari
Cheibriados
Dithmenos
Elyvilon
Fedhas
Gozag
Hepliaklqana
Kikubaaqudgha
Makhleb
Nemelex Xobeh
Okawaru
Qazlal
Ru
Sif Muna
Uskayaw
Vehumet
Wu Jian
Xom
Yredelemnul
Zin
The Shining One


Innate Abilities, Weirdness & Mutations

You have a pair of large horns on your head.
You are surrounded by a moderate repulsion field. (EV +3)
A weak demonic guardian rushes to your aid.
Your flesh is heat resistant. (rF+)


Message History

The vampire bites you!
The vampire draws strength from your injuries!
You slice the vampire!!
The vampire is almost destroyed.
You hit the orc.
You kill the orc!
You slash the troll!
The vampire is infused with unholy energy.
* * * LOW HITPOINT WARNING * * *
The vampire draws life force from you and is healed!
The troll bites you but does no damage.
The troll claws you but does no damage. x2
You can now pass through a line of other dancers.
You closely miss the vampire. You headbutt the vampire!
The vampire is almost destroyed.
You hit the troll. The vampire completely misses you.
The vampire bites you but does no damage.
The troll bites you!
* * * LOW HITPOINT WARNING * * *
The troll claws you but does no damage. The troll claws you.
You die...

...... ..... .
.... .. ... ...
#. >. $...
##..# .#../..
......##5......
#V@# #T)# .r##.
..#. .# ..< .
.[ .. .. ... .
.. ... ... ....


You could see a troll, a vampire, a quokka and a friendly white imp (summoned).

Vanquished Creatures
  Harold (D:7)
  A troll (D:5)
  Prince Ribbit (D:6)
  A yak (D:7)
  2 hogs (D:7)
  A human (D:7)
  A hungry ghost (D:6)
  Menkaure (D:6)
  A soldier ant (D:10)
  Duvessa (D:6)
  An ice beast (D:5)
  2 phantoms
  An ogre (D:5)
  A centaur (D:7)
  A big kobold (D:7)
  2 bullfrogs
  Dowan (D:6)
  5 wights (D:7)
  3 howler monkeys (D:7)
  4 crimson imps
  2 jellies
  A quasit (D:7)
  3 hounds
  8 orc wizards
  2 orc priests
  3 centaur skeletons
  A bullfrog skeleton (D:4)
  3 iguanas (D:7)
  2 worker ants (D:4)
  2 hound skeletons
  3 worker ant zombies
  3 gnolls (D:4)
  6 adders
  An ooze (D:5)
  An adder skeleton (D:4)
  2 worms
  A dart slug (D:1)
  4 leopard geckos
  33 orcs
  A ball python (D:4)
  2 giant cockroaches
  3 goblins
  11 hobgoblins
  4 jackals (D:6)
  10 kobolds
  2 quokkas
  4 bats
  A leopard gecko skeleton (D:7)
  A quokka skeleton (D:5)
  6 rats
158 creatures vanquished.

Vanquished Creatures (collateral kills)
  A hog (D:7)
  An ogre (D:8)
  A bullfrog (D:6)
  2 howler monkeys
  A crimson imp (D:6)
  A jackal (D:6)
  A kobold (D:7)
8 creatures vanquished.

Grand Total: 166 creatures vanquished

Notes
Turn   | Place    | Note
-------+----------+-------------------------------------------
     0 | D:1      | curiousnu the Demonspawn Gladiator began the quest for the
                  | Orb.
     0 | D:1      | Reached XP level 1. HP: 16/16 MP: 1/1
     2 | D:1      | Noticed a minotaur
     4 | D:1      | Noticed a troll
     4 | D:1      | Noticed a vampire
     6 | D:1      | Noticed a gargoyle
     6 | D:1      | Noticed an octopode
     8 | D:1      | Noticed a tengu
     8 | D:1      | Noticed a human
    10 | D:1      | Noticed a halfling
    12 | D:1      | Noticed a spriggan
    12 | D:1      | Noticed a centaur
    14 | D:1      | Noticed a merfolk
    16 | D:1      | Noticed a demonspawn
    16 | D:1      | Noticed a dwarf
    18 | D:1      | Noticed a naga
    20 | D:1      | Noticed a ghoul
    20 | D:1      | Noticed a formicid
    22 | D:1      | Noticed a draconian
    22 | D:1      | Noticed a demigod
    24 | D:1      | Noticed a vine stalker
    24 | D:1      | Noticed a felid
    26 | D:1      | Noticed an ogre
    26 | D:1      | Noticed an elf
   288 | D:1      | Gained mutation: You have a pair of small horns on your
                  | head. [demonic ancestry]
   288 | D:1      | Reached XP level 2. HP: 21/23 MP: 2/2
   687 | D:1      | Reached skill level 3 in Axes
   891 | D:1      | Reached skill level 1 in Armour
   981 | D:2      | Gained mutation: You have a pair of horns on your head.
                  | [demonic ancestry]
   981 | D:2      | Reached XP level 3. HP: 28/28 MP: 3/3
  1072 | D:2      | Gained mutation: Your flesh is heat resistant. (rF+)
                  | [demonic ancestry]
  1072 | D:2      | Reached XP level 4. HP: 14/34 MP: 4/4
  2041 | D:3      | Found an opulent altar of Gozag.
  2041 | D:3      | Found a basalt altar of Yredelemnul.
  2041 | D:3      | Found a white marble altar of Elyvilon.
  2106 | D:3      | Reached skill level 4 in Axes
  2106 | D:3      | Gained mutation: You have a pair of large horns on your
                  | head. [demonic ancestry]
  2106 | D:3      | Reached XP level 5. HP: 40/41 MP: 5/5
  2570 | D:4      | Reached XP level 6. HP: 44/47 MP: 6/6
  2817 | D:5      | Entered Level 5 of the Dungeon
  2817 | D:5      | Noticed a troll
  3144 | D:4      | Reached skill level 5 in Axes
  3377 | D:4      | Found a snail-covered altar of Cheibriados.
  3446 | D:4      | Found a shadowy altar of Dithmenos.
  3775 | D:4      | Gained mutation: A weak demonic guardian rushes to your
                  | aid. [demonic ancestry]
  3775 | D:4      | Reached XP level 7. HP: 53/53 MP: 7/7
  4553 | D:5      | Killed a troll
  4553 | D:5      | Reached skill level 6 in Axes
  4581 | D:5      | Found a shattered altar of Ashenzari.
  4759 | D:5      | Found a hazy altar of Hepliaklqana.
  4831 | D:5      | Found a hide-covered altar of Uskayaw.
  4838 | D:5      | Became a worshipper of Uskayaw the Reveler
  4861 | D:5      | Reached * piety under Uskayaw
  4921 | D:5      | Gained mutation: You are surrounded by a mild repulsion
                  | field. (EV +2) [demonic ancestry]
  4921 | D:5      | Reached XP level 8. HP: 39/61 MP: 4/8
  5204 | D:5      | You fall into a shaft and drop 1 floor!
  5536 | D:6      | Noticed Dowan
  5537 | D:6      | Noticed Duvessa
  5552 | D:6      | Killed Dowan
  5552 | D:6      | Reached ** piety under Uskayaw
  5986 | D:6      | Reached *** piety under Uskayaw
  6179 | D:6      | Noticed Prince Ribbit
  6181 | D:6      | Killed Duvessa
  6181 | D:6      | Reached skill level 7 in Axes
  6222 | D:6      | Killed Prince Ribbit
  6222 | D:6      | Reached skill level 5 in Fighting
  6315 | D:6      | Reached skill level 5 in Armour
  6527 | D:7      | Noticed Harold
  6609 | D:6      | Noticed Menkaure
  6612 | D:6      | Killed Menkaure
  6906 | D:7      | Found a staircase to the Ecumenical Temple.
  6971 | D:7      | Reached XP level 9. HP: 22/68 MP: 9/9
  7420 | D:7      | Found a blossoming altar of Fedhas.
  7502 | D:7      | Reached skill level 8 in Axes
  7508 | D:7      | Reached **** piety under Uskayaw
  7509 | D:7      | Reached ***** piety under Uskayaw
  7727 | Temple   | Entered the Ecumenical Temple
  8519 | D:7      | Reached skill level 9 in Axes
  8678 | D:7      | Killed Harold
  8678 | D:7      | Reached skill level 5 in Throwing
  8678 | D:7      | Gained mutation: You are surrounded by a moderate repulsion
                  | field. (EV +3) [demonic ancestry]
  8678 | D:7      | Reached XP level 10. HP: 64/76 MP: 10/10
  8906 | D:8      | You fall into a shaft and drop 3 floors!
  8952 | D:10     | Entered Level 10 of the Dungeon
  9081 | D:9      | HP: 2/76 [troll (10)]
  9081 | D:9      | Slain by a troll

Illustrated notes

Levels and vault maps discovered:
D:1:      kb_arrival_jail, layout_loops_ring
D:2:      layout_basic, kennysheep_generic_room_15
D:3:      layout_rooms, gammafunk_temple_overflow_claw, first_ration
D:4:      layout_loops_ring, marbit_many_paths, kennysheep_mini_moat
D:5:      layout_loops_cross, ashenzari_conservatory_becter,
          nicolae_overflow_crystal_walls, lemuel_doored_altar,
          kennysheep_nondescript, nrook_mini_backslash
D:6:      layout_loops_ring, kennysheep_another_room, uniq_menkaure,
          uniq_duvessa, uniq_prince_ribbit1
D:7:      layout_loops_cross, fedhas_altar_fruit_tree,
          minmay_temple_entry_glassed_door, grunt_livestock, uniq_harold
D:8:      layout_basic, disabler_island
D:9:      layout_cross, lemuel_coloured_pillars_altar,
          minmay_orc_entry_temple_small, st_stairs_7, chequers_big_river
D:10:     layout_loops_cross, uniq_maggie
D:11:     layout_gridville, lair_entry_dummy
Temple:   chequers_temple_sunken

Skill      XL: |  1  2  3  4  5  6  7  8  9 |
---------------+----------------------------+-----
Axes           | 3 4 5 6 7 9 |  9.5
Armour         | 1 2 3 4 5 6 |  6.3
Dodging        | 3 |  3.1
Fighting       | 3 4 5 6 |  6.2
Throwing       | 2 3 5 |  5.1
Stealth        | |  0.7

Action                   |  1- 3 |  4- 6 |  7- 9 | 10-12 || total
-------------------------+-------+-------+-------+-------++-------
Melee: War axe           |    73 |   132 |   199 |       ||   404
       Headbutt          |     6 |    34 |    54 |     5 ||    99
       Battleaxe         |       |       |    58 |    23 ||    81
Throw: Dart              |       |       |    28 |       ||    28
       Boomerang         |       |       |    55 |       ||    55
Invok: Stomp             |       |       |     1 |     1 ||     2
  Use: Potion            |     1 |       |     5 |     1 ||     7
       Scroll            |       |     6 |     5 |     6 ||    17
 Stab: Sleeping          |       |     1 |       |       ||     1
       Distracted        |       |       |     4 |       ||     4
       Paralysed         |       |       |     2 |       ||     2
  Eat: Chunk             |       |     9 |    14 |       ||    23
       Ration            |       |       |     1 |     1 ||     2
Armor: Leather armour    |    24 |     8 |       |       ||    32
       Chain mail        |       |    53 |   109 |    26 ||   188
Dodge: Dodged            |    70 |    49 |   142 |    21 ||   282
